 Dungeon Crawl Stone Soup version 0.30-a0-160-gcfceee88d3 (webtiles) character file.

Game seed: 4598067333990888688

5 qw the Shield-Bearer (level 1, -1/14 HPs)
             Began as a Gargoyle Fighter on Sept 27, 2022.
             Slain by a quokka (4 damage)
             ... on level 1 of the Dungeon.
             The game lasted 00:00:02 (72 turns).

qw the Shield-Bearer (Gargoyle Fighter)               Turns: 72, Time: 00:00:02

Health: -1/14      AC:  9    Str: 19    XL:     1   Next: 80%
Magic:  1/1        EV:  9    Int:  8    God:
Gold:   0          SH:  4    Dex:  9    Spells: 0/0 levels left

rFire   . . .      SeeInvis .    a - +0 war axe
rCold   . . .      Faith    .    c - +0 buckler
rNeg    + . .      Spirit   .    b - +0 scale mail
rPois   inf        Reflect  .    (no helmet)
rElec   +          Harm     .    (no cloak)
rCorr   .          Rampage  .    (no gloves)
Will    .....                    (no boots)
Stlth   ..........               (no amulet)
HPRegen 0.04/turn                (no ring)
MPRegen 0.07/turn                (no ring)

@: no status effects
A: sickness immunity, AC +2, negative energy resistance 1, electricity
resistance, torment resistance 1, petrification resistance
a: no special abilities


You were on level 1 of the Dungeon.
You visited 1 branch of the dungeon, and saw 1 of its levels.


Innate Abilities, Weirdness & Mutations

You are immune to sickness and miasma.
Your stone body is resilient. (AC +2)
You are immune to poison.
You resist negative energy. (rN+)
You are resistant to electric shocks. (rElec)
You are resistant to unholy torment.
You are immune to petrification.


   Skills:
 - Level 3.2 Fighting
 + Level 2.2 Axes
 - Level 3.2 Armour
 - Level 3.2 Shields


You couldn't memorise any spells.
You didn't know any spells.
Your spell library was empty.

Inventory:

Hand Weapons
 a - a +0 war axe (weapon)
Armour
 b - a +0 scale mail (worn)
 c - a +0 buckler (worn)
Scrolls
 e - 3 scrolls of identify {unknown}
Potions
 d - a potion of might

Dungeon Overview and Level Annotations

Branches:
Dungeon (1/15)

Altars:


Message History

The dart slug barely misses you.
You hit the dart slug.
You kill the dart slug!
Your Axes skill increases to level 2!
You start resting.
HP restored.
A bat comes into view.
Enter note: You hit the bat but do no damage.
The bat hits you but does no damage. The bat closely misses you.
You slash the bat!
You kill the bat!
A kobold comes into view. It is wielding a +0 dagger.
Enter note: A kobold, a quokka and a giant cockroach come into view.
Found 5 poisoned darts.
Found an escape hatch in the floor.
The kobold shouts!
The kobold hits you with a +0 dagger.
You barely miss the kobold. You block the kobold's attack.
The kobold throws a stone.
The stone hits you.
You hit the giant cockroach but do no damage.
You barely miss the kobold. The giant cockroach barely misses you.
The kobold hits you with a +0 dagger.
You hit the giant cockroach.
The giant cockroach is severely wounded.
You hit the kobold.
You kill the kobold!
You block the giant cockroach's attack. The quokka closely misses you.
The giant cockroach bites you but does no damage.
You hit the giant cockroach.
You kill the giant cockroach!
You barely miss the quokka. The quokka bites you. The quokka barely misses you.
You closely miss the kobold. You barely miss the quokka.
The quokka bites you but does no damage.
You block the kobold's attack. The kobold hits you but does no damage.
The quokka bites you.
You barely miss the kobold. You hit the quokka but do no damage.
The quokka bites you.
You die...

##.... ## ...... .#
#.... .# ##(...##.#
....>....# # .........#
..#.#. ......Kr.#
..#.#.########@##.#.#
.....................
##...###.###..##.#.##
.......#.# #..# #
#####...#.# #..##
..........# #...#
######.#####.#.########
#.........#........#
#.##..#####.###.##.#


You could see a quokka and a kobold.

Vanquished Creatures
  A dart slug (D:1)
  A giant cockroach (D:1)
  A bat (D:1)
  A kobold (D:1)
4 creatures vanquished.

Notes
Turn   | Place    | Note
-------+----------+-------------------------------------------
     0 | D:1      | qw the Gargoyle Fighter began the quest for the Orb.
     0 | D:1      | Reached XP level 1. HP: 14/14 MP: 1/1
     0 | D:1      | 0 ||| qw: Version: 0.2-a-10-g37ed214
     0 | D:1      | 0 ||| qw: Game counter: 597
     0 | D:1      | 0 ||| qw: Always use a shield: true
     0 | D:1      | 0 ||| qw: God list: Okawaru
     0 | D:1      | 0 ||| qw: Allow faded altars: false
     0 | D:1      | 0 ||| qw: Do Orc after D:15 true
     0 | D:1      | 0 ||| qw: Do second Lair branch before Depths: true
     0 | D:1      | 0 ||| qw: Lair rune preference: random
     0 | D:1      | 0 ||| qw: Plans: Normal, Zot:1-4, God:TSO, Crypt, Tomb,
                  | Pan, Slime:5, Hells, Abyss, Orb
     0 | D:1      | 0 ||| PLANNING D:1-11
    71 | D:1      | HP: 3/14 [quokka (1)]
    72 | D:1      | Slain by a quokka

Levels and vault maps discovered:
D:1:      dpeg_arrival_pits, layout_basic, basic_ecumenical_altar, serial_shops,
          nicolae_shop_stone, amcnicky_mini_rare_corridor_liquid,
          minmay_misc_feat_encased, wad_floor_pattern_untrapped

Skill      XL: |  1 |
---------------+----+-----
Axes           | 2 |  2.2
Fighting       | |  3.2
Armour         | |  3.2
Shields        | |  3.2

Action                   || total
-------------------------++-------
Melee: War axe           ||    10
Armor: Scale mail        ||     4
Dodge: Dodged            ||     5
Block: Buckler           ||     3

Table legend:
 A = Non-vault XP
 B = Vault XP
 C = Vault XP percentage of total XP
 D = Non-vault monster count
 E = Vault monster count
 F = Vault count percentage of total count
                 A         B        C        D         E       F
            +---------+---------+-------+---------+---------+-------
      Total |       8 |       0 |   0.0 |       4 |       0 |   0.0
            +---------+---------+-------+---------+---------+-------
        D:1 |       8 |       0 |   0.0 |       4 |       0 |   0.0
            +---------+---------+-------+---------+---------+-------
